 Dungeon Crawl Stone Soup version 0.31-a0-1616-gbeaec30b81 (webtiles) character file.

Game seed: 12637493142048059863

168 Curundu the Chopper (level 5, 0/45 HPs)
             Began as a Minotaur Berserker on Jan 11, 2024.
             Was a Believer of Trog.
             Slain by an orc
             ... wielding a +0 trident
              (4 damage)
             ... on level 3 of the Dungeon.
             The game lasted 00:05:50 (2049 turns).

Curundu the Chopper (Minotaur Berserker)            Turns: 2049, Time: 00:05:50

Health: 0/45       AC:  8    Str: 21    XL:     5   Next: 23%
Magic:  4/4        EV:  8    Int:  4    God:    Trog [**....]
Gold:   61         SH:  3    Dex: 12    Spells: 4/4 levels left

rFire   . . .        j - +2 whip (elec)
rCold   . . .        n - +0 buckler
rNeg    . . .        e - +0 chain mail
rPois   .            (helmet restricted)
rElec   .            f - scarf {repulsion}
rCorr   .            (no gloves)
SInv    .            (no boots)
Will    .....        (no amulet) Stlth
                     (no ring)
HPRegen 0.27/turn    (no ring)
MPRegen 0.09/turn

%: repel missiles
@: no status effects
A: horns 2, retaliatory headbutt
a: Renounce Religion, Berserk, Trog's Hand


You were on level 3 of the Dungeon.
You worshipped Trog.
Trog was pleased with you.
You visited 1 branch of the dungeon, and saw 3 of its levels.

You collected 61 gold pieces.

Inventory:

Hand Weapons
 a - a +0 hand axe
 j - a +2 whip of electrocution (weapon)
Armour
 b - a +0 animal skin
 e - a +0 chain mail (worn)
 f - a scarf of repulsion (worn)
 n - a +0 buckler (worn)
Scrolls
 c - 2 scrolls of enchant weapon {unknown}
 g - a scroll of fear {unknown}
 i - a scroll of blinking {unknown}
 k - a scroll of teleportation {unknown}
 l - a scroll of fog {unknown}
 p - a scroll of identify {unknown}
Potions
 d - a potion of enlightenment {unknown}
 h - 2 potions of curing {unknown}
 m - a potion of ambrosia {unknown}
 o - a potion of degeneration {unknown}


   Skills:
 - Level 3.6 Fighting
 + Level 7.2 Axes
 - Level 2.4 Armour
 - Level 2.1 Dodging


You had 4 spell levels left.
You didn't know any spells.
Your spell library was empty.

Dungeon Overview and Level Annotations

Branches:
Dungeon (3/15)

Altars:


Innate Abilities, Weirdness & Mutations

You have a pair of horns on your head.
You reflexively headbutt those who attack you in melee.


Message History

You miss the orc wizard.
The orc wizard is almost dead.
The orc wizard hits you but does no damage.
Something hits you but does no damage.
You hit the orc wizard.
You kill the orc wizard!
Trog accepts your kill.
Trog appreciates your killing of a magic user.
Your Axes skill increases to level 7!
You miss something. You hit the orc. You headbutt the orc.
You kill the orc!
Trog accepts your kill. Something hits you but does no damage.
You hit the orc. Your headbutt misses the orc.
The orc is almost dead.
Something hits you but does no damage. You block the orc's attack.
The orc barely misses you.
You closely miss the orc.
The orc is almost dead.
Something hits you but does no damage. The orc barely misses you.
The orc hits you from afar with a +0 trident.
You completely miss the orc.
The orc is almost dead.
Something hits you. The orc barely misses you.
The orc hits you but does no damage.
You hit the orc.
You kill the orc!
Trog accepts your kill. Something hits you but does no damage.
You whack something! Your headbutt misses something.
The orc hits you from afar with a +0 trident!
* * * LOW HITPOINT WARNING * * *
Something hits you.
* * * LOW HITPOINT WARNING * * *
The orc hits you with a +0 hand axe.
* * * LOW HITPOINT WARNING * * *
You barely miss something.
The orc hits you from afar with a +0 trident.
You die...

############ #...........
#...........
#################...........
#..†..†...o@....+...........
.......##.)..o#{..###...........
....... #.....#...# #..........)
....... #.....#...###...........
....>.. +.....'...'.)...........
....or. #.....#...##............
....... #.....#...##.#...#######
...o... #.....#...##.#..##
#.....######.#..#


You could see 2 orcs.

Vanquished Creatures
  A scorpion (D:3)
  An orc wizard (D:3)
  2 adders (D:2)
  A dart slug (D:2)
  A ribbon worm (D:3)
  3 orcs (D:3)
  4 ball pythons
  3 bats
  6 endoplasms
  4 giant cockroaches
  6 goblins
  7 hobgoblins
  3 kobolds
  3 quokkas
  5 frilled lizards
  4 rats (D:1)
54 creatures vanquished.

Notes
Turn   | Place    | Note
-------+----------+-------------------------------------------
     0 | D:1      | Curundu the Minotaur Berserker began the quest for the Orb.
     0 | D:1      | Reached XP level 1. HP: 19/19 MP: 0/0
    33 | D:1      | Reached skill level 4 in Axes
   181 | D:1      | Reached XP level 2. HP: 26/26 MP: 1/1
   597 | D:1      | Reached skill level 5 in Axes
   722 | D:1      | Reached XP level 3. HP: 31/31 MP: 2/2
   947 | D:2      | Reached ** piety under Trog
  1636 | D:2      | Reached skill level 6 in Axes
  1636 | D:2      | Reached XP level 4. HP: 39/39 MP: 3/3
  1941 | D:3      | Noticed a scorpion
  1946 | D:3      | Killed a scorpion
  2030 | D:3      | Reached XP level 5. HP: 25/45 MP: 4/4
  2042 | D:3      | Reached skill level 7 in Axes
  2049 | D:3      | Slain by an orc

Illustrated notes

Levels and vault maps discovered:
D:1:      wander_arrival_fairy_ring, layout_loops_corners
D:2:      layout_basic
D:3:      layout_basic, tso_oasis_becter, lemuel_doored_altar,
          chequers_ecumenical_altar_island

Skill      XL: |  1  2  3  4  5 |
---------------+----------------+-----
Axes           | 4 5 6 7 |  7.2
Fighting       | |  3.6
Armour         | |  2.4
Dodging        | |  2.1

Action                     |  1- 3 |  4- 6 || total
---------------------------+-------+-------++-------
  Melee: Hand axe          |    82 |       ||    82
         Headbutt          |    12 |     6 ||    18
         Whip              |     7 |    37 ||    44
         Punch             |     1 |       ||     1
 Armour: Animal skin       |     7 |       ||     7
         Chain mail        |    64 |    51 ||   115
  Dodge: Dodged            |    40 |    16 ||    56
  Block: Buckler           |       |     3 ||     3

Table legend: (Time is in decaauts)
 A = Elapsed time spent in this place.
 B = Non-inter-level travel time spent in this place.
 C = Inter-level travel time spent in this place.
 D = Time resting spent in this place.
 E = Time spent auto-exploring this place.
 F = Levels seen in this place.
 G = Mean time per level.
                   A        B        C        D        E       F      G
               +--------+--------+--------+--------+--------+-----+--------+
         Total |   2049 |   2049 |      0 |      0 |   1510 |   3 |  683.0 |
       Dungeon |   2049 |   2049 |      0 |      0 |   1510 |   3 |  683.0 |
               +--------+--------+--------+--------+--------+-----+--------+

Top non-repeatable levels by time:
     D:2: 941 daAuts
     D:1: 896 daAuts
     D:3: 211 daAuts
